 Dungeon Crawl Stone Soup version 0.31.0-4-g52a2dc7128 (webtiles) character file.

Game seed: 11857070457079769056

230 MisterFreud the Conjurer (level 5, -5/35 HPs)
             Began as a Demonspawn Conjurer on Jan 22, 2024.
             Slain by a kobold brigand
             ... wielding a +1 whip of pain
              (7 damage)
             ... on level 4 of the Dungeon.
             The game lasted 00:05:27 (3470 turns).

MisterFreud the Conjurer (Demonspawn Conjurer)      Turns: 3470, Time: 00:05:28

Health: -5/35      AC:  6    Str:  7    XL:     5   Next: 72%
Magic:  8/8        EV: 12    Int: 21    God:
Gold:   222        SH:  0    Dex: 11    Spells: 5/8 levels left

rFire   . . .        d - +0 short sword
rCold   + . .        (no shield)
rNeg    . . .        a - +0 robe
rPois   .            (no helmet)
rElec   .            (no cloak)
rCorr   .            (no gloves)
SInv    .            (no boots)
Will    .....        (no amulet)
Stlth   ++           h - ring of protection from cold
HPRegen 0.25/turn    o - +4 ring of protection
MPRegen 0.11/turn

%: no passive effects
@: no status effects
A: foul stench 1, spiny 2
a: no special abilities


You were on level 4 of the Dungeon.
You visited 1 branch of the dungeon, and saw 4 of its levels.

You collected 222 gold pieces.

Inventory:

Hand Weapons
 d - a +0 short sword (weapon)
Missiles
 c - 5 datura-tipped darts
 s - 12 poisoned darts
Armour
 a - a +0 robe (worn)
 f - a +0 buckler
Jewellery
 g - a ring of ice
 h - a ring of protection from cold (left hand)
 o - a +4 ring of protection (right hand)
 u - a +6 ring of strength
Scrolls
 e - a scroll of fog
 j - 2 scrolls of blinking {unknown}
 k - a scroll of fear {unknown}
 l - 2 scrolls of teleportation {unknown}
 n - 2 scrolls of identify
 r - a scroll of noise {unknown}
 t - a scroll of brand weapon {unknown}
Potions
 b - 2 potions of magic
 i - 3 potions of curing
 m - a potion of brilliance
 p - a potion of invisibility {unknown}
 q - 3 potions of heal wounds {unknown}


   Skills:
 - Level 1.7 Dodging
 - Level 1.7 Stealth
 - Level 2.0 Spellcasting
 + Level 7.1 Conjurations


You had 5 spell levels left.
You knew the following spells:

 Your Spells              Type           Power      Damage    Failure   Level
a - Magic Dart            Conj           100%       1d8       1%          1
b - Searing Ray           Conj           62%        2d6       1%          2

Your spell library contained the following spells:

 Spells                   Type           Power      Damage    Failure   Level
 Fulminant Prism          Conj/Alch      8%         3d7       34%         4
 Iskenderun's Mystic Bla  Conj/Tloc      17%        2d5       34%         4
 Frozen Ramparts          Ice            4%         1d1       41%         3
 Leda's Liquefaction      Alch/Erth      1%         N/A       82%         4
 Petrify                  Alch/Erth      2%         N/A       82%         4
 Metabolic Englaciation   Hex/Ice        1%         N/A       99%         5


Dungeon Overview and Level Annotations

Branches:
Dungeon (4/15)
 Temple: D:4-7

Altars:
Gozag
Okawaru

Shops:
D:3 *   D:4 [

Annotations:
D:4 CipHuK's ghost, amateur NaFi


Innate Abilities, Weirdness & Mutations

You may rarely emit foul miasma when damaged in melee.
You are mostly covered in sharp spines.


Message History

The kobold shouts!
The kobold shouts!
The kobold hits the plant with a +0 rapier of distortion.
The kobold hits the plant with a +0 club.
The kobold hits the plant with a +0 whip.
The kobold hits the plant with a +0 short sword.
Found 16 gold pieces.
A nearby plant withers and dies. x2
CipHuK's ghost sneers, "Only the weak need weapons."
You open the gate. The kobold is struck by your spines.
The kobold hits you but does no damage. The kobold is struck by your spines.
You kill the kobold!
CipHuK's ghost is struck by your spines.
CipHuK's ghost hits you. The kobold is struck by your spines.
The kobold hits you but does no damage. CipHuK's ghost hits you.
The kobold brigand closely misses you.
The kobold brigand is struck by your spines.
The kobold brigand hits you with a +1 whip of pain.
You writhe in agony.
CipHuK's ghost is struck by your spines.
CipHuK's ghost hits you! The kobold is struck by your spines.
You kill the kobold!
The kobold throws a stone.
The stone barely misses you.
Unknown command.
The kobold brigand is struck by your spines.
The kobold brigand barely misses you.
CipHuK's ghost is struck by your spines.
CipHuK's ghost hits you.
* * * LOW HITPOINT WARNING * * *
The kobold completely misses you.
The kobold brigand is struck by your spines.
The kobold brigand hits you with a +1 whip of pain.
* * * LOW HITPOINT WARNING * * *
You writhe in agony.
* * * LOW HITPOINT WARNING * * *
CipHuK's ghost barely misses you.
CipHuK's ghost keens inconsolably.
CipHuK's ghost barely misses you.
The kobold brigand hits you with a +1 whip of pain!
You die...

#.# #..# #.# #..## #.#
#.... #.# ##.## ##.# #.#
#####..#############.#
##~⌠K##...............#
#...K.#K#.#..#######..##
$.###KK@#.#..#######....
$.....WK..#..##.........
..###.'.###..##.##......
...#.# #.....##.#.###
P⌠P##.# #.######.#.#
#####..# #.######.#.#
#### #..........#
########.### #.#


You could see a kobold brigand, CipHuK's ghost and 5 kobolds.

Vanquished Creatures
  A scorpion (D:3)
  A hound (D:4)
  An iguana (D:4)
  3 adders
  3 dart slugs
  2 orcs (D:3)
  7 ball pythons
  3 bats
  5 endoplasms
  4 giant cockroaches
  3 goblins
  10 hobgoblins
  9 jackals
  9 kobolds
  3 quokkas
  A frilled lizard (D:2)
  8 rats
73 creatures vanquished.

Notes
Turn   | Place    | Note
-------+----------+-------------------------------------------
     0 | D:1      | MisterFreud the Demonspawn Conjurer began the quest for the
                  | Orb.
     0 | D:1      | Reached XP level 1. HP: 13/13 MP: 3/3
   198 | D:1      | Gained mutation: You may rarely emit foul miasma when
                  | damaged in melee. [demonic ancestry]
   198 | D:1      | Reached XP level 2. HP: 19/19 MP: 3/5
   485 | D:2      | Reached skill level 5 in Conjurations
   485 | D:2      | Reached XP level 3. HP: 12/24 MP: 0/6
  1582 | D:2      | Learned a level 2 spell: Searing Ray
  1906 | D:3      | Gained mutation: You are partially covered in sharp spines.
                  | [demonic ancestry]
  1906 | D:3      | Reached XP level 4. HP: 30/30 MP: 2/7
  1966 | D:3      | Found a faded altar of an unknown god.
  2252 | D:3      | Found Gozag's Platinum Reserve.
  2275 | D:3      | Found an opulent altar of Gozag.
  2418 | D:3      | Noticed a scorpion
  2434 | D:3      | Killed a scorpion
  2435 | D:3      | Reached skill level 6 in Conjurations
  2435 | D:3      | Gained mutation: You are mostly covered in sharp spines.
                  | [demonic ancestry]
  2435 | D:3      | Reached XP level 5. HP: 20/35 MP: 0/8
  2790 | D:4      | Found Udghem's Armour Boutique.
  3102 | D:4      | Found an iron altar of Okawaru.
  3136 | D:4      | Identified the +0 leather armour "Enoy" {rElec rC+ SInv}
  3165 | D:4      | Reached skill level 7 in Conjurations
  3457 | D:4      | Found a runed translucent gate.
  3457 | D:4      | Noticed CipHuK's ghost (amateur NaFi)
  3458 | D:4      | Found a runed translucent gate.
  3458 | D:4      | Found a runed translucent gate.
  3470 | D:4      | Slain by a kobold brigand

Illustrated notes

Levels and vault maps discovered:
D:1:      minmay_arrival_jagged, layout_basic
D:2:      layout_basic, minmay_shallow_snake_nest
D:3:      layout_loops_cross, nicolae_gozag_zags_fifth_avenue,
          hellmonk_ecumenical_altar_pennies_from_heaven
D:4:      layout_loops_ring, lemuel_coloured_pillars_altar,
          gammafunk_ghost_nasty_kobolds, serial_shops,
          nicolae_shop_window_shopping

Skill      XL: |  1  2  3  4  5 |
---------------+----------------+-----
Conjurations   | 5 6 7 |  7.1
Dodging        | |  1.7
Stealth        | |  1.7
Spellcasting   | |  2.0

Action                     |  1- 3 |  4- 6 || total
---------------------------+-------+-------++-------
  Melee: Unarmed           |    19 |       ||    19
         Short sword       |    10 |     8 ||    18
   Cast: Magic Dart        |    91 |    26 ||   117
    Use: Scroll            |     3 |       ||     3
   Stab: Sleeping          |     1 |     1 ||     2
 Armour: Robe              |    27 |    33 ||    60
  Dodge: Dodged            |    18 |    24 ||    42
